TOP OF THE 1ST |
Ft. Polk South Thunder Hawks batting - Pitching for Westwood Sixshooters : RHP Joe Dow
|
Pitching: RHP Joe Dow
|
|
Batting: SHB Jorge Barrios
|
0-0: Ball 1-0: Swinging Strike 1-1: Ball 2-1: Foul Ball, location: 2F 2-2: Foul Ball, location: 2F 2-2: Ball 3-2: SINGLE (Line Drive, 6MD)
|
Batting: RHB Rodrigo Lugo
|
0-0: Ball 1-0: Ball 2-0: Reached on Error, E7 (Flyball, 7M) Jorge Barrios to second
|
Batting: RHB Darrell Goldstein
|
0-0: Called Strike 0-1: Ball 1-1: Ball 2-1: Called Strike 2-2: Strikes out swinging
|
Batting: RHB Thomas Vaughan
|
0-0: Ball Jorge Barrios is caught stealing 3rd base Rodrigo Lugo to second 1-0: Foul Ball, location: 2F 1-1: Ball 2-1: Ball 3-1: Base on Balls
|
Batting: RHB Juan García
|
0-0: Ball 1-0: Fielders Choice at 2nd, 6-4 (Groundball, 6)
|
Top of the 1st over - 0 run(s), 1 hit(s), 1 error(s), 1 left on base; Ft. Polk South 0 - Westwood 0 |
BOTTOM OF THE 1ST |
Westwood Sixshooters batting - Pitching for Ft. Polk South Thunder Hawks : RHP Júlio Palácios
|
Pitching: RHP Júlio Palácios
|
|
Batting: LHB Luis Medina
|
0-0: Ball 1-0: Ball 2-0: Ball 3-0: Base on Balls
|
Batting: RHB Bert Motevassel
|
0-0: Called Strike 0-1: SINGLE (Line Drive, 7LM) Luis Medina to second
|
Batting: RHB José Carlos Pérez
|
0-0: Ball 1-0: Grounds into double play, 4-6-3 (Groundball, 4) Luis Medina to third
|
Batting: RHB Brandon Cooper
|
0-0: Ground out 4-3 (Groundball, 4M)
|
Bottom of the 1st over - 0 run(s), 1 hit(s), 0 error(s), 1 left on base; Ft. Polk South 0 - Westwood 0 |
TOP OF THE 2ND |
Ft. Polk South Thunder Hawks batting - Pitching for Westwood Sixshooters : RHP Joe Dow
|
Batting: RHB Walt Shelton
|
0-0: Ball 1-0: SINGLE (Line Drive, 6M)
|
Batting: RHB Tommy Stanley
|
0-0: Ball Wild Pitch! Walt Shelton to second 1-0: Foul Ball, location: 2F 1-1: Foul Ball, location: 2F 1-2: Foul Ball, location: 2F 1-2: Ball 2-2: Strikes out swinging
|
Batting: RHB Robbie Chambers
|
0-0: Ball 1-0: Ball 2-0: Ball 3-0: Called Strike 3-1: Base on Balls
|
Batting: RHB Mal Green
|
0-0: Swinging Strike 0-1: Ball 1-1: Called Strike 1-2: Strikes out swinging
|
Batting: SHB Jorge Barrios
|
0-0: Ball 1-0: Called Strike 1-1: Ball 2-1: Swinging Strike 2-2: Ball 3-2: Strikes out looking
|
Top of the 2nd over - 0 run(s), 1 hit(s), 0 error(s), 2 left on base; Ft. Polk South 0 - Westwood 0 |
BOTTOM OF THE 2ND |
Westwood Sixshooters batting - Pitching for Ft. Polk South Thunder Hawks : RHP Júlio Palácios
|
Batting: RHB Aurelio García
|
0-0: Ball 1-0: Swinging Strike 1-1: Ball 2-1: Swinging Strike 2-2: Strikes out swinging
|
Batting: RHB Winston Sparks
|
0-0: Ball 1-0: Called Strike 1-1: Foul Ball, location: 2F 1-2: Strikes out swinging
|
Batting: LHB Brian Boone
|
0-0: Fly out, F8 (Line Drive, 8LS)
|
Bottom of the 2nd over - 0 run(s), 0 hit(s), 0 error(s), 0 left on base; Ft. Polk South 0 - Westwood 0 |
TOP OF THE 3RD |
Ft. Polk South Thunder Hawks batting - Pitching for Westwood Sixshooters : RHP Joe Dow
|
Batting: RHB Rodrigo Lugo
|
0-0: Called Strike 0-1: Hit by Pitch
|
Batting: RHB Darrell Goldstein
|
0-0: Called Strike 0-1: Ball Rodrigo Lugo is caught stealing 2nd base 1-1: SINGLE (Line Drive, 6D)
|
Batting: RHB Thomas Vaughan
|
0-0: Ball Darrell Goldstein is caught stealing 2nd base 1-0: Ball 2-0: Ball 3-0: Called Strike 3-1: Base on Balls
|
Batting: RHB Juan García
|
0-0: Called Strike 0-1: Ball 1-1: Foul Ball, location: 2F 1-2: Ball 2-2: Strikes out swinging
|
Top of the 3rd over - 0 run(s), 1 hit(s), 0 error(s), 1 left on base; Ft. Polk South 0 - Westwood 0 |
BOTTOM OF THE 3RD |
Westwood Sixshooters batting - Pitching for Ft. Polk South Thunder Hawks : RHP Júlio Palácios
|
Batting: RHB Don Thomas
|
0-0: Called Strike 0-1: Ball 1-1: Foul Ball, location: 2F 1-2: Strikes out looking
|
Batting: RHB Jorge Alderete
|
0-0: SINGLE (Line Drive, 34)
|
Batting: LHB Luis Medina
|
0-0: Called Strike 0-1: Called Strike 0-2: Ball 1-2: Foul Ball, location: 2F 1-2: Foul Ball, location: 2F 1-2: Ball 2-2: Grounds into double play, 4-6-3 (Groundball, 4)
|
Bottom of the 3rd over - 0 run(s), 1 hit(s), 0 error(s), 0 left on base; Ft. Polk South 0 - Westwood 0 |
TOP OF THE 4TH |
Ft. Polk South Thunder Hawks batting - Pitching for Westwood Sixshooters : RHP Joe Dow
|
Batting: RHB Walt Shelton
|
0-0: Called Strike 0-1: Called Strike 0-2: Ball 1-2: Strikes out looking
|
Batting: RHB Tommy Stanley
|
0-0: Ball 1-0: Ball 2-0: Ball 3-0: Called Strike 3-1: Base on Balls
|
Batting: RHB Robbie Chambers
|
0-0: Foul Ball, location: 2F 0-1: Ball Pickoff Throw to First - Out! 1-1: Ball 2-1: Ball 3-1: Fly out, F7 (Flyball, 7M)
|
Top of the 4th over - 0 run(s), 0 hit(s), 0 error(s), 0 left on base; Ft. Polk South 0 - Westwood 0 |
BOTTOM OF THE 4TH |
Westwood Sixshooters batting - Pitching for Ft. Polk South Thunder Hawks : RHP Júlio Palácios
|
Batting: RHB Bert Motevassel
|
0-0: Ball 1-0: Foul Ball, location: 2F 1-1: Swinging Strike 1-2: Ground out 6-3 (Groundball, 6M)
|
Batting: RHB José Carlos Pérez
|
0-0: Ball 1-0: Fly out, F8 (Line Drive, 8LXD)
|
Batting: RHB Brandon Cooper
|
0-0: Ball 1-0: Ball 2-0: Called Strike 2-1: Ball 3-1: SINGLE (Flyball, 7LS)
|
Batting: RHB Aurelio García
|
0-0: Called Strike 0-1: Foul Ball, location: 2F 0-2: Ground out 5-3 (Groundball, 5L)
|
Bottom of the 4th over - 0 run(s), 1 hit(s), 0 error(s), 1 left on base; Ft. Polk South 0 - Westwood 0 |
TOP OF THE 5TH |
Ft. Polk South Thunder Hawks batting - Pitching for Westwood Sixshooters : RHP Joe Dow
|
Batting: RHB Mal Green
|
0-0: Called Strike 0-1: Called Strike 0-2: Foul Ball, location: 2F 0-2: Foul Ball, location: 2F 0-2: Ball 1-2: Ball 2-2: Fly out, F5 (Popup, 15S)
|
Batting: SHB Jorge Barrios
|
0-0: Swinging Strike 0-1: Foul Ball, location: 2F 0-2: Strikes out swinging
|
Batting: RHB Rodrigo Lugo
|
0-0: Swinging Strike 0-1: Foul Ball, location: 2F 0-2: DOUBLE (Line Drive, 7LM)
|
Batting: RHB Darrell Goldstein
|
0-0: Called Strike 0-1: Swinging Strike 0-2: Ball 1-2: Foul Ball, location: 2F 1-2: Ball 2-2: Ground out 2-3 (Groundball, 2R)
|
Top of the 5th over - 0 run(s), 1 hit(s), 0 error(s), 1 left on base; Ft. Polk South 0 - Westwood 0 |
BOTTOM OF THE 5TH |
Westwood Sixshooters batting - Pitching for Ft. Polk South Thunder Hawks : RHP Júlio Palácios
|
Batting: RHB Winston Sparks
|
0-0: Ball 1-0: Foul Ball, location: 2F 1-1: Foul Ball, location: 2F 1-2: Strikes out swinging
|
Batting: LHB Brian Boone
|
0-0: Foul Ball, location: 2F 0-1: Ground out U3 (Groundball, 3)
|
Batting: RHB Don Thomas
|
0-0: Ball 1-0: SINGLE (Groundball, 6)
|
Batting: RHB Jorge Alderete
|
0-0: Called Strike 0-1: Ball 1-1: Foul Ball, location: 2F 1-2: Fly out, F7 (Line Drive, 7M)
|
Bottom of the 5th over - 0 run(s), 1 hit(s), 0 error(s), 1 left on base; Ft. Polk South 0 - Westwood 0 |
TOP OF THE 6TH |
Ft. Polk South Thunder Hawks batting - Pitching for Westwood Sixshooters : RHP Joe Dow
|
Batting: RHB Thomas Vaughan
|
0-0: Ball 1-0: Ball 2-0: Called Strike 2-1: Fly out, F8 (Flyball, 8LD)
|
Batting: RHB Juan García
|
0-0: Swinging Strike 0-1: Ball 1-1: Foul Ball, location: 2F 1-2: Foul Ball, location: 2F 1-2: Ground out 6-3 (Groundball, 6)
|
Batting: RHB Walt Shelton
|
0-0: Called Strike 0-1: Called Strike 0-2: Ball 1-2: Ball 2-2: Foul Ball, location: 2F 2-2: Foul Ball, location: 2F 2-2: Ball 3-2: Strikes out swinging
|
Top of the 6th over - 0 run(s), 0 hit(s), 0 error(s), 0 left on base; Ft. Polk South 0 - Westwood 0 |
BOTTOM OF THE 6TH |
Westwood Sixshooters batting - Pitching for Ft. Polk South Thunder Hawks : RHP Júlio Palácios
|
Batting: LHB Luis Medina
|
0-0: Ball 1-0: Called Strike 1-1: Foul Ball, location: 2F 1-2: Foul Ball, location: 2F 1-2: Foul Ball, location: 2F 1-2: Strikes out swinging
|
Batting: RHB Bert Motevassel
|
0-0: Ball 1-0: Ball 2-0: Ball 3-0: Called Strike 3-1: Called Strike 3-2: SINGLE (Line Drive, 89S)
|
Batting: RHB José Carlos Pérez
|
0-0: Swinging Strike 0-1: Fly out, F8 (Line Drive, 8RS)
|
Batting: RHB Brandon Cooper
|
0-0: Ball 1-0: Ball 2-0: Ball 3-0: Base on Balls Bert Motevassel to second
|
Batting: RHB Aurelio García
|
0-0: Called Strike 0-1: Ball 1-1: Called Strike 1-2: Ball 2-2: Strikes out swinging
|
Bottom of the 6th over - 0 run(s), 1 hit(s), 0 error(s), 2 left on base; Ft. Polk South 0 - Westwood 0 |
TOP OF THE 7TH |
Ft. Polk South Thunder Hawks batting - Pitching for Westwood Sixshooters : RHP Joe Dow
|
Pitching: RHP Paul Abbott
|
|
Batting: RHB Tommy Stanley
|
0-0: Swinging Strike 0-1: Ground out 4-3 (Groundball, 4)
|
Batting: RHB Robbie Chambers
|
0-0: SINGLE (Groundball, 5D)
|
Pinch Hitting: SHB Tony Martínez
|
0-0: Fly out, F5 (Popup, 5F)
|
Batting: SHB Jorge Barrios
|
0-0: Ball 1-0: Foul Ball, location: 2F 1-1: Ball 2-1: Ball 3-1: Foul Ball, location: 2F 3-2: Ground out 1-3 (Groundball, 23)
|
Top of the 7th over - 0 run(s), 1 hit(s), 0 error(s), 1 left on base; Ft. Polk South 0 - Westwood 0 |
BOTTOM OF THE 7TH |
Westwood Sixshooters batting - Pitching for Ft. Polk South Thunder Hawks : RHP Júlio Palácios
|
Now at 1B: Jim Unknown
|
|
Pinch Hitting: RHB Jason Boyer
|
0-0: Ball 1-0: Foul Ball, location: 2F 1-1: Swinging Strike 1-2: Ball 2-2: Ball 3-2: Base on Balls
|
Batting: LHB Brian Boone
|
0-0: Ball 1-0: Bunted foul 1-1: Called Strike 1-2: Ball 2-2: Grounds into double play, 4-6-3 (Groundball, 4)
|
Pinch Hitting: RHB David McJannett
|
0-0: Ball 1-0: Swinging Strike 1-1: Ball 2-1: Ball 3-1: Base on Balls
|
Batting: RHB Jorge Alderete
|
0-0: Called Strike 0-1: Ball David McJannett steals 2nd base 1-1: Ball 2-1: DOUBLE (Flyball, 8RXD) David McJannett scores
|
Batting: LHB Luis Medina
|
0-0: Called Strike 0-1: Ball 1-1: Fly out, F7 (Flyball, 7LSF)
|
Bottom of the 7th over - 1 run(s), 1 hit(s), 0 error(s), 1 left on base; Ft. Polk South 0 - Westwood 1 |
TOP OF THE 8TH |
Ft. Polk South Thunder Hawks batting - Pitching for Westwood Sixshooters : RHP Paul Abbott
|
Now at 2B: David McJannett
|
|
Now in RF: Jason Boyer
|
|
Batting: RHB Rodrigo Lugo
|
0-0: Ball 1-0: Ball 2-0: Ball 3-0: Called Strike 3-1: Foul Ball, location: 2F 3-2: Strikes out swinging
|
Batting: RHB Darrell Goldstein
|
0-0: Ball 1-0: Foul Ball, location: 2F 1-1: Ball 2-1: SINGLE (Groundball, 34D)
|
Batting: RHB Thomas Vaughan
|
0-0: Ball 1-0: Ball 2-0: Swinging Strike 2-1: Ball 3-1: Base on Balls Darrell Goldstein to second
|
Batting: RHB Juan García
|
0-0: Called Strike 0-1: Swinging Strike 0-2: Fly out, F6 (Line Drive, 6D) 0-2: Lined into DP, 6-4 (Line Drive, 6D)
|
Top of the 8th over - 0 run(s), 1 hit(s), 0 error(s), 1 left on base; Ft. Polk South 0 - Westwood 1 |
BOTTOM OF THE 8TH |
Westwood Sixshooters batting - Pitching for Ft. Polk South Thunder Hawks : RHP Júlio Palácios
|
Batting: RHB Bert Motevassel
|
0-0: Called Strike 0-1: Foul Ball, location: 2F 0-2: Ball 1-2: Fly out, F2 (Popup, 23F)
|
Batting: RHB José Carlos Pérez
|
0-0: Swinging Strike 0-1: Called Strike 0-2: Ball 1-2: Ball 2-2: Strikes out looking
|
Batting: RHB Brandon Cooper
|
0-0: Called Strike 0-1: Ball 1-1: Ball 2-1: SINGLE (Line Drive, 7S)
|
Pitching: LHP Jim Unknown
|
|
Batting: RHB Aurelio García
|
0-0: Called Strike 0-1: Ball 1-1: Foul Ball, location: 2F 1-2: Foul Ball, location: 2F 1-2: Foul Ball, location: 2F 1-2: Fielders Choice at 2nd, U6 (Groundball, 6M)
|
Bottom of the 8th over - 0 run(s), 1 hit(s), 0 error(s), 1 left on base; Ft. Polk South 0 - Westwood 1 |
TOP OF THE 9TH |
Ft. Polk South Thunder Hawks batting - Pitching for Westwood Sixshooters : RHP Paul Abbott
|
Pitching: RHP Cisco Ortega
|
|
Now at C: Richard Hicks
|
|
Now in CF: Arnold Smith
|
|
Pinch Hitting: SHB Ted Hansen
|
0-0: Called Strike 0-1: Ball 1-1: Ball 2-1: Ball 3-1: Base on Balls
|
Batting: RHB Tommy Stanley
|
0-0: Sac Bunt - play at second, runner OUT! 1-6
|
Batting: RHB Robbie Chambers
|
0-0: Ball 1-0: Called Strike 1-1: Fly out, F3 (Line Drive, 34S)
|
Batting: LHB Jim Unknown
|
0-0: Foul Ball, location: 2F 0-1: Ball 1-1: Ball 2-1: Ball 3-1: Base on Balls Tommy Stanley to second
|
Batting: SHB Jorge Barrios
|
0-0: Ball 1-0: Ball 2-0: Ball 3-0: Called Strike 3-1: Foul Ball, location: 2F 3-2: Ground out 4-3 (Groundball, 4)
|
Top of the 9th over - 0 run(s), 0 hit(s), 0 error(s), 2 left on base; Ft. Polk South 0 - Westwood 1 |
|